 Dungeon Crawl Stone Soup version 0.31-a0-700-gf13585253f (webtiles) character file.

Game seed: 5525497154989081669

28812 qw the Marksgargoyle (level 13, -6/84 HPs)
             Began as a Gargoyle Hunter on Sept 7, 2023.
             Was an Elder of Okawaru.
             Mangled by Rupert
             ... wielding a +2 battleaxe of electrocution
              (24 damage)
             ... on level 4 of the Lair of Beasts.
             The game lasted 00:07:35 (11259 turns).

qw the Marksgargoyle (Gargoyle Hunter)             Turns: 11259, Time: 00:07:35

Health: -6/84      AC: 24    Str: 19    XL:     13   Next: 41%
Magic:  19/20      EV: 17    Int: 10    God:    Okawaru [****..]
Gold:   535        SH:  0    Dex: 16    Spells: 12/12 levels left

rFire   . . .        Y - +0 arbalest
rCold   + + +        (shield currently unavailable)
rNeg    + . .        o - +4 skin of Zhor {*Englaciate rC+++ SInv}
rPois   inf          (no helmet)
rElec   +            b - +0 cloak
rCorr   .            a - +2 pair of gloves
SInv    +            f - +2 pair of boots
Will    +....        g - amulet of regeneration
Stlth   +++          h - ring of willpower
HPRegen 1.14/turn    (no ring)
MPRegen 0.17/turn

%: no passive effects
@: about to teleport, heroic
A: sickness immunity, AC +9, negative energy resistance 1, electricity
resistance, torment resistance 1, petrification resistance, strong 1,
teleportitis 1, sturdy frame 1
a: Renounce Religion, Heroism, Finesse


You were on level 4 of the Lair of Beasts.
You worshipped Okawaru.
Okawaru was greatly pleased with you.
You visited 3 branches of the dungeon, and saw 15 of its levels.

You collected 885 gold pieces.
You spent 350 gold pieces at shops.


Innate Abilities, Weirdness & Mutations

You are immune to sickness and miasma.
Your stone body is resilient. (AC +9)
You are immune to poison.
You resist negative energy. (rN+)
You are resistant to electric shocks. (rElec)
You are resistant to unholy torment.
You are immune to petrification.
Your muscles are strong. (Str +4, Int/Dex -1)
You are occasionally teleported next to monsters.
Your movements are slightly less encumbered by armour. (ER -2)


   Skills:
 - Level 11.0(16.0) Fighting
 + Level 16.9(21.9) Ranged Weapons
 - Level 4.2(9.2) Armour
 - Level 5.0(10.0) Dodging
 - Level 1.1(6.1) Stealth
 - Level 10.0 Invocations


You had 12 spell levels left.
You didn't know any spells.
Your spell library was empty.

Inventory:

Hand Weapons
 Y - a +0 arbalest (weapon)
Armour
 a - a +2 pair of gloves (worn)
 b - a +0 cloak (worn)
 f - a +2 pair of boots (worn)
 o - the +4 skin of Zhor (worn) {*Englaciate rC+++ SInv}
   (You found it on level 7 of the Dungeon)

   *Englaciate: It radiates cold, occasionally slowing all nearby creatures who
   are not resistant to cold.
   rC+++:     It renders you almost immune to cold.
   SInv:      It lets you see invisible.
Jewellery
 c - the ring of Pust {Int+6 Dex+4}
   (You found it on level 4 of the Lair of Beasts)

   [ring of intelligence]

   Int+6:     It affects your intelligence (+6).
   Dex+4:     It affects your dexterity (+4).
 g - an amulet of regeneration (around neck)
 h - a ring of willpower (left hand)
Scrolls
 l - a scroll of identify
 t - 2 scrolls of teleportation
Potions
 d - 3 potions of curing
 e - 3 potions of heal wounds
 i - a potion of enlightenment
 j - 2 potions of magic
 k - a potion of might
 n - a potion of cancellation
 r - a potion of invisibility {unknown}

Dungeon Overview and Level Annotations

Branches:
Dungeon (10/15)            Temple (1/1) D:7            Lair (4/5) D:10
  Swamp (0/4) Lair:2        Snake (0/4) Lair:2          Orc (0/2) D:9
  Slime: Lair:4-5

Altars:
Ashenzari
Cheibriados
Dithmenos
Elyvilon
Fedhas
Gozag
Hepliaklqana
Kikubaaqudgha
Makhleb
Nemelex Xobeh
Okawaru
Qazlal
Ru
Sif Muna
Trog
Uskayaw
Vehumet
Wu Jian
Xom
Yredelemnul
Zin
The Shining One

Shops:
D:9 ?

Annotations:
D:3 1 runed translucent door, Crazy Yiuf
D:9 4 runed translucent doors
Lair:4 Rupert


Message History

Enter note:
Enter note:
Enter note:
Found a potion of degeneration.
You feel strangely unstable.
You are yanked towards a nearby monster!
Your surroundings suddenly seem different.
Rupert the Wild comes into view.
He is wielding a +2 battleaxe of electrocution.
Found a glowing gold wand.
Rupert shouts!
You hear an angry hiss.
A black mamba comes into view.
11253 ||| INVOKING Heroism.
You gain the combat prowess of a mighty hero.
You shoot a bolt. The bolt barely misses Rupert.
Rupert pounds his chest with his fists.
You shoot a bolt. The bolt hits Rupert!
Rupert is lightly wounded.
Rupert roars madly and goes into a rage!
Rupert goes berserk!
The black mamba bites you but does no damage.
You shoot a bolt.
The bolt hits Rupert but does no damage.
Rupert is lightly wounded.
The black mamba bites you but does no damage.
Rupert hits you with a +2 battleaxe of electrocution!!!
You shoot a bolt. The bolt hits Rupert!!
Rupert is moderately wounded.
The black mamba closely misses you. Rupert completely misses you.
The black mamba closely misses you. Rupert closely misses you.
You shoot a bolt. The bolt hits Rupert!
Rupert is moderately wounded.
You radiate an aura of cold.
Rupert resists.
The black mamba seems to slow down.
The black mamba bites you but does no damage.
Rupert hits you with a +2 battleaxe of electrocution!!
11259 ||| READING 3 scrolls of teleportation.
As you read the scroll of teleportation, it crumbles to dust.
You feel strangely unstable. Rupert hits you but does no damage.
The black mamba barely misses you.
Rupert hits you with a +2 battleaxe of electrocution!!
You die...
Rupert roars with triumph.

. ### #####
.P###..##.#.P##
...............
...............
../.P......#.#
#.@@....#
#....S.......
...##.......#..
. ............
##.......#P#.
#.......# #
.#.......
#.#........


You could see Rupert (berserk) and a black mamba (slow).

Vanquished Creatures
  3 hydras
  A boulder beetle (Lair:2)
  2 two-headed ogres (D:9)
  Urug (Lair:1)
  A salamander (shapeshifter) (D:9)
  2 black mambas (Lair:3)
  6 cane toads
  6 komodo dragons
  An unseen horror (D:10)
  4 rime drakes
  A hornet (D:10)
  7 blink frogs
  5 dream sheep (Lair:3)
  A slime creature (D:9)
  Sigmund (D:2)
  A vampire (D:9)
  3 wyverns
  8 basilisks
  43 yaks
  7 vampire mosquitoes (Lair:2)
  3 acid dragons
  3 nagas (Lair:2)
  12 water moccasins
  4 ice beasts
  A black bear (D:4)
  6 orc warriors
  An ogre (D:7)
  2 sky beasts (D:7)
  7 wolves
  4 centaurs
  A phantom (D:3)
  4 kobold brigands
  Blork the orc (D:6)
  2 gnoll sergeants
  12 bullfrogs
  2 scorpions
  18 wights
  4 killer bees (D:9)
  3 centaur zombies (D:7)
  A bullfrog zombie (D:7)
  3 jellies
  6 orc priests
  Jessica (D:3)
  An iguana (D:6)
  9 orc wizards
  A killer bee zombie (D:7)
  A howler monkey zombie (D:7)
  10 gnolls
  13 adders
  An ufetubus (D:4)
  4 worms (D:2)
  8 dart slugs
  33 orcs
  8 bats
  8 endoplasms
  2 giant cockroaches
  4 hobgoblins
  6 jackals
  2 quokkas
  7 ball pythons
  3 frilled lizards
  9 goblins
  20 kobolds
  9 rats
364 creatures vanquished.

Notes
Turn   | Place    | Note
-------+----------+-------------------------------------------
     0 | D:1      | qw the Gargoyle Hunter began the quest for the Orb.
     0 | D:1      | Reached XP level 1. HP: 12/12 MP: 1/1
     0 | D:1      | 0 ||| qw: Version: 0.3-a-76-g4403597
     0 | D:1      | 0 ||| qw: Game counter: 450
     0 | D:1      | 0 ||| qw: Melee chars always use a shield: true
     0 | D:1      | 0 ||| qw: God list: Okawaru
     0 | D:1      | 0 ||| qw: Allow faded altars: false
     0 | D:1      | 0 ||| qw: Do Orc after clearing Dungeon:15 true
     0 | D:1      | 0 ||| qw: Do second Lair branch before Depths: true
     0 | D:1      | 0 ||| qw: Lair rune preference: random
     0 | D:1      | 0 ||| qw: Goals: Normal
     0 | D:1      | 0 ||| PLANNING D:1-11
    70 | D:1      | Reached XP level 2. HP: 17/17 MP: 2/2
   165 | D:1      | Found a faded altar of an unknown god.
   234 | D:1      | Reached XP level 3. HP: 21/21 MP: 3/3
   298 | D:1      | Reached skill level 5 in Ranged Weapons
   370 | D:1      | 370 ||| UPGRADING to amulet of regeneration.
   375 | D:1      | 375 ||| DROPPING ring of magical power.
   376 | D:1      | 376 ||| READING scroll labelled TYTUIDO GOMU.
   377 | D:1      | 377 ||| READING 2 scrolls labelled IGOQYE OXKEU.
   380 | D:1      | 380 ||| DRINKING 2 bubbling purple potions.
   381 | D:1      | 381 ||| DROPPING scroll of butterflies.
   471 | D:2      | Reached skill level 3 in Fighting
   517 | D:2      | Reached XP level 4. HP: 28/28 MP: 4/4
   519 | D:2      | Noticed Sigmund
   553 | D:2      | Killed Sigmund
   554 | D:2      | Reached skill level 6 in Ranged Weapons
   554 | D:2      | Reached XP level 5. HP: 23/32 MP: 5/5
   572 | D:2      | Reached XP level 6. HP: 37/37 MP: 6/6
   862 | D:2      | 862 ||| UPGRADING to +2 robe.
   872 | D:2      | 872 ||| DROPPING +0 leather armour.
   873 | D:2      | 873 ||| READING scroll labelled HEG LAESHRO.
   874 | D:2      | 874 ||| DRINKING 2 black potions.
   875 | D:2      | 875 ||| DROPPING potion of degeneration.
  1043 | D:3      | You fall into a shaft and drop 1 floor!
  1044 | D:4      | 1044 ||| UPGRADING to +0 cloak.
  1049 | D:4      | Found a burning altar of Makhleb.
  1055 | D:4      | 1055 ||| FLEEEEING.
  1056 | D:4      | 1056 ||| STAIRDANCE
  1079 | D:3      | Found a runed translucent door.
  1080 | D:3      | Noticed Crazy Yiuf
  1135 | D:3      | Found a shadowy altar of Dithmenos.
  1136 | D:3      | Found a basalt altar of Yredelemnul.
  1159 | D:3      | Noticed Jessica
  1169 | D:3      | Killed Jessica
  1177 | D:3      | Found a hide-covered altar of Uskayaw.
  1209 | D:3      | Reached skill level 7 in Ranged Weapons
  1348 | D:3      | Found a snail-covered altar of Cheibriados.
  1376 | D:3      | Found a shimmering altar of Xom.
  1380 | D:3      | Found a blossoming altar of Fedhas.
  1395 | D:3      | Found a hazy altar of Hepliaklqana.
  1863 | D:3      | 1863 ||| UPGRADING to +0 helmet.
  1868 | D:3      | 1868 ||| READING scroll labelled JIUVOOR SET.
  1869 | D:3      | 1869 ||| READING scroll labelled DECOFROSSE.
  1870 | D:3      | 1870 ||| DRINKING 3 lumpy inky potions.
  1901 | D:4      | 1901 ||| UPGRADING to +1 pair of boots.
  1906 | D:4      | 1906 ||| READING scroll labelled DEVVOV BAZENA.
  1912 | D:4      | 1912 ||| STAIRDANCE
  1916 | D:4      | 1916 ||| STAIRDANCE
  1920 | D:4      | 1920 ||| STAIRDANCE
  1924 | D:4      | 1924 ||| STAIRDANCE
  1928 | D:4      | 1928 ||| STAIRDANCE
  1932 | D:4      | 1932 ||| STAIRDANCE
  1936 | D:4      | 1936 ||| STAIRDANCE
  1940 | D:4      | 1940 ||| STAIRDANCE
  1944 | D:4      | 1944 ||| STAIRDANCE
  1948 | D:4      | 1948 ||| STAIRDANCE
  1952 | D:4      | 1952 ||| STAIRDANCE
  1956 | D:4      | 1956 ||| STAIRDANCE
  1960 | D:4      | 1960 ||| STAIRDANCE
  1964 | D:4      | 1964 ||| STAIRDANCE
  1968 | D:4      | 1968 ||| STAIRDANCE
  1972 | D:4      | 1972 ||| STAIRDANCE
  1976 | D:4      | 1976 ||| STAIRDANCE
  1976 | D:4      | Noticed a black bear
  1980 | D:4      | 1980 ||| STAIRDANCE
  2003 | D:4      | Killed a black bear
  2004 | D:4      | Reached XP level 7. HP: 18/43 MP: 7/7
  2004 | D:4      | 2004 ||| STAIRDANCE
  2224 | D:4      | Found a glowing silver altar of Zin.
  2224 | D:4      | Noticed an angel
  2260 | D:4      | Reached skill level 8 in Ranged Weapons
  2528 | D:4      | 2528 ||| READING 4 scrolls labelled PUARHI FUVVYS.
  2529 | D:4      | 2529 ||| READING 2 scrolls labelled IDASACVAONU.
  2530 | D:4      | 2530 ||| DRINKING 3 blue potions.
  2531 | D:4      | 2531 ||| DROPPING 3 scrolls of noise.
  2549 | D:5      | Entered Level 5 of the Dungeon
  2720 | D:5      | 2720 ||| DRINKING 2 potions of curing.
  2720 | D:5      | 2720 ||| (to cure confusion)
  2802 | D:5      | HP: 7/44 [ice beast (5)]
  2803 | D:5      | 2803 ||| READING scroll of teleportation.
  2804 | D:5      | 2804 ||| DRINKING 2 potions of heal wounds.
  2864 | D:5      | 2864 ||| RETREATING.
  2883 | D:5      | Reached XP level 8. HP: 26/48 MP: 8/8
  2900 | D:5      | 2900 ||| FLEEEEING.
  2901 | D:5      | 2901 ||| FLEEEEING.
  2902 | D:5      | 2902 ||| FLEEEEING.
  2903 | D:5      | 2903 ||| FLEEEEING.
  2904 | D:5      | 2904 ||| FLEEEEING.
  2905 | D:5      | 2905 ||| FLEEEEING.
  2906 | D:5      | 2906 ||| FLEEEEING.
  2907 | D:5      | 2907 ||| FLEEEEING.
  2908 | D:5      | 2908 ||| FLEEEEING.
  3498 | D:5      | 3498 ||| READING scroll labelled URIOMI LASO.
  3499 | D:5      | 3499 ||| READING scroll labelled OPTYUZUQUZ.
  3664 | D:6      | Reached skill level 9 in Ranged Weapons
  3664 | D:6      | 3664 ||| STAIRDANCE
  3760 | D:6      | Reached skill level 6 in Fighting
  4085 | D:6      | Noticed Blork the orc
  4086 | D:6      | 4086 ||| SWAPPING to +0 orcbow.
  4088 | D:6      | 4088 ||| DROPPING +1 shortbow.
  4095 | D:6      | Killed Blork the orc
  4096 | D:6      | Reached skill level 10 in Ranged Weapons
  4096 | D:6      | Reached XP level 9. HP: 54/55 MP: 9/9
  4211 | D:6      | Reached skill level 3 in Dodging
  4446 | D:6      | 4446 ||| UPGRADING to +2 leather armour of poison
                  | resistance.
  4456 | D:6      | 4456 ||| DROPPING +2 robe.
  4457 | D:6      | 4457 ||| UPGRADING to ring of willpower.
  4582 | D:7      | Found a staircase to the Ecumenical Temple.
  4583 | D:7      | 4583 ||| PLANNING TEMPLE
  4583 | D:7      | 4583 ||| UPGRADING to +0 pair of gloves.
  4588 | D:7      | 4588 ||| READING scroll labelled XEBIJA NOVONER.
  4597 | Temple   | Entered the Ecumenical Temple
  4598 | Temple   | 4598 ||| PLANNING OKAWARU WORSHIP
  4617 | Temple   | Became a worshipper of Warmaster Okawaru
  4618 | Temple   | 4618 ||| PLANNING D:1-11
  4695 | D:7      | Reached skill level 3 in Armour
  4761 | D:7      | Noticed a rime drake
  4761 | D:7      | Noticed a rime drake
  4761 | D:7      | Noticed a rime drake
  4767 | D:7      | 4767 ||| Stepping ~*~*~tactically~*~*~ (retreating).
  4771 | D:7      | Killed a rime drake
  4787 | D:7      | Killed a rime drake
  4787 | D:7      | Reached * piety under Okawaru
  4788 | D:7      | Reached skill level 11 in Ranged Weapons
  4788 | D:7      | 4788 ||| INVOKING Heroism.
  4789 | D:7      | Killed a rime drake
  4820 | D:7      | Found the +4 skin of Zhor {*Englaciate rC+++ SInv}
  4871 | D:7      | 4871 ||| INVOKING Heroism.
  4916 | D:7      | 4916 ||| INVOKING Heroism.
  4953 | D:7      | 4953 ||| INVOKING Heroism.
  4955 | D:7      | 4955 ||| Stepping ~*~*~tactically~*~*~ (outnumbered).
  4956 | D:7      | 4956 ||| Stepping ~*~*~tactically~*~*~ (outnumbered).
  4958 | D:7      | 4958 ||| Stepping ~*~*~tactically~*~*~ (outnumbered).
  4977 | D:7      | Reached XP level 10. HP: 58/64 MP: 12/12
  4986 | D:7      | Reached skill level 3 in Invocations
  5272 | D:7      | Found a shimmering blue altar of Sif Muna.
  5295 | D:7      | Found a bloodstained altar of Trog.
  5296 | D:7      | 5296 ||| INVOKING Heroism.
  5499 | D:7      | 5499 ||| UPGRADING to +4 skin of Zhor {*Englaciate rC+++
                  | SInv}.
  5509 | D:7      | 5509 ||| DROPPING +2 leather armour of poison resistance.
  5627 | D:8      | 5627 ||| RETREATING.
  5636 | D:8      | 5636 ||| RETREATING.
  5649 | D:8      | 5649 ||| Stepping ~*~*~tactically~*~*~ (retreating).
  5650 | D:8      | 5650 ||| Stepping ~*~*~tactically~*~*~ (retreating).
  5651 | D:8      | 5651 ||| Stepping ~*~*~tactically~*~*~ (retreating).
  5671 | D:8      | Reached skill level 12 in Ranged Weapons
  5671 | D:8      | 5671 ||| Stepping ~*~*~tactically~*~*~ (retreating).
  5672 | D:8      | 5672 ||| INVOKING Heroism.
  5682 | D:8      | 5682 ||| Stepping ~*~*~tactically~*~*~ (retreating).
  5683 | D:8      | 5683 ||| FLEEEEING.
  5684 | D:8      | 5684 ||| FLEEEEING.
  5690 | D:8      | 5690 ||| Stepping ~*~*~tactically~*~*~ (retreating).
  5735 | D:8      | 5735 ||| RETREATING.
  5754 | D:8      | Reached ** piety under Okawaru
  6009 | D:8      | 6009 ||| Stepping ~*~*~tactically~*~*~ (outnumbered).
  6011 | D:8      | 6011 ||| Stepping ~*~*~tactically~*~*~ (outnumbered).
  6012 | D:8      | 6012 ||| Stepping ~*~*~tactically~*~*~ (outnumbered).
  6013 | D:8      | 6013 ||| Stepping ~*~*~tactically~*~*~ (outnumbered).
  6018 | D:8      | 6018 ||| Stepping ~*~*~tactically~*~*~ (outnumbered).
  6295 | D:8      | 6295 ||| INVOKING Heroism.
  6395 | D:9      | Noticed a two-headed ogre
  6396 | D:9      | 6396 ||| INVOKING Heroism.
  6411 | D:9      | Reached skill level 13 in Ranged Weapons
  6421 | D:9      | Killed a two-headed ogre
  6421 | D:9      | Reached *** piety under Okawaru
  6422 | D:9      | Reached skill level 9 in Fighting
  6430 | D:9      | Reached XP level 11. HP: 35/71 MP: 14/14
  6512 | D:9      | Found a large runed translucent door.
  6512 | D:9      | Found a large runed translucent door.
  6515 | D:9      | Noticed a centaur warrior
  6516 | D:9      | Noticed a centaur warrior
  6551 | D:9      | Noticed a salamander
  6560 | D:9      | 6560 ||| INVOKING Heroism.
  6562 | D:9      | Killed a salamander
  6568 | D:9      | 6568 ||| FLEEEEING.
  6607 | D:9      | 6607 ||| INVOKING Heroism.
  6615 | D:9      | 6615 ||| Stepping ~*~*~tactically~*~*~ (retreating).
  6666 | D:9      | Found Hijeorch's Magic Scroll Shoppe.
  6669 | D:9      | 6669 ||| BUYING scroll of enchant armour (105 gold).
  6669 | D:9      | Bought a scroll of enchant armour for 105 gold pieces
  6669 | D:9      | 6669 ||| BUYING scroll of enchant weapon (105 gold).
  6669 | D:9      | Bought a scroll of enchant weapon for 105 gold pieces
  6669 | D:9      | 6669 ||| BUYING scroll of identify (28 gold).
  6669 | D:9      | Bought a scroll of identify for 28 gold pieces
  6669 | D:9      | 6669 ||| BUYING scroll of identify (28 gold).
  6669 | D:9      | Bought a scroll of identify for 28 gold pieces
  6669 | D:9      | 6669 ||| BUYING scroll of teleportation (42 gold).
  6669 | D:9      | Bought a scroll of teleportation for 42 gold pieces
  6669 | D:9      | 6669 ||| BUYING scroll of teleportation (42 gold).
  6669 | D:9      | Bought a scroll of teleportation for 42 gold pieces
  6669 | D:9      | 6669 ||| READING scroll of enchant armour.
  6669 | D:9      | 6669 ||| ENCHANTING +0 pair of gloves.
  6670 | D:9      | 6670 ||| READING scroll of enchant weapon.
  6670 | D:9      | 6670 ||| ENCHANTING +0 orcbow.
  6709 | D:9      | 6709 ||| INVOKING Heroism.
  6713 | D:9      | 6713 ||| Stepping ~*~*~tactically~*~*~ (retreating).
  6779 | D:9      | Found a large runed translucent door.
  6779 | D:9      | Found a large runed translucent door.
  6789 | D:9      | 6789 ||| INVOKING Heroism.
  6793 | D:9      | 6793 ||| RETREATING.
  6806 | D:9      | Reached skill level 14 in Ranged Weapons
  6867 | D:9      | Noticed a two-headed ogre
  6868 | D:9      | 6868 ||| INVOKING Heroism.
  6883 | D:9      | Killed a two-headed ogre
  6883 | D:9      | Reached **** piety under Okawaru
  6889 | D:9      | 6889 ||| INVOKING Heroism.
  6911 | D:9      | 6911 ||| INVOKING Heroism.
  7028 | D:9      | 7028 ||| SWAPPING to +0 arbalest.
  7029 | D:9      | 7029 ||| INVOKING Heroism.
  7043 | D:9      | 7043 ||| DROPPING +1 orcbow.
  7149 | D:9      | 7149 ||| Stepping ~*~*~tactically~*~*~ (outnumbered).
  7251 | D:9      | 7251 ||| INVOKING Heroism.
  7279 | D:9      | Found a staircase to the Orcish Mines.
  7372 | D:9      | 7372 ||| READING 2 scrolls labelled JIPNEI CAMO.
  7373 | D:9      | 7373 ||| READING 5 scrolls of identify.
  7373 | D:9      | 7373 ||| IDENTIFYING metallic green potion
  7374 | D:9      | 7374 ||| READING 4 scrolls of identify.
  7374 | D:9      | 7374 ||| IDENTIFYING brown potion
  7375 | D:9      | 7375 ||| READING 3 scrolls of identify.
  7375 | D:9      | 7375 ||| IDENTIFYING ruby potion
  7376 | D:9      | 7376 ||| READING 2 scrolls of identify.
  7376 | D:9      | 7376 ||| IDENTIFYING fuming clear potion
  7377 | D:9      | 7377 ||| DROPPING potion of brilliance.
  7378 | D:9      | 7378 ||| DROPPING potion of lignification.
  7379 | D:9      | 7379 ||| DROPPING scroll of fear.
  7405 | D:10     | Entered Level 10 of the Dungeon
  7604 | D:10     | Found a staircase to the Lair.
  7606 | D:10     | 7606 ||| RETREATING.
  7669 | D:10     | 7669 ||| Stepping ~*~*~tactically~*~*~ (retreating).
  7941 | D:10     | 7941 ||| INVOKING Heroism.
  7977 | D:10     | 7977 ||| Stepping ~*~*~tactically~*~*~ (outnumbered).
  7979 | D:10     | 7979 ||| Stepping ~*~*~tactically~*~*~ (outnumbered).
  7981 | D:10     | 7981 ||| Stepping ~*~*~tactically~*~*~ (outnumbered).
  8288 | D:10     | 8288 ||| PLANNING LAIR
  8288 | D:10     | 8288 ||| READING scroll labelled GOEROFR RISCH.
  8334 | Lair:1   | Entered Level 1 of the Lair of Beasts
  8334 | Lair:1   | Noticed Urug
  8335 | Lair:1   | 8335 ||| INVOKING Heroism.
  8339 | Lair:1   | 8339 ||| STAIRDANCE
  8344 | D:10     | Reached skill level 6 in Invocations
  8364 | Lair:1   | Killed Urug
  8365 | Lair:1   | Reached XP level 12. HP: 77/77 MP: 16/16
  8381 | Lair:1   | 8381 ||| Stepping ~*~*~tactically~*~*~ (retreating).
  8382 | Lair:1   | 8382 ||| Stepping ~*~*~tactically~*~*~ (retreating).
  8383 | Lair:1   | 8383 ||| Stepping ~*~*~tactically~*~*~ (retreating).
  8384 | Lair:1   | 8384 ||| Stepping ~*~*~tactically~*~*~ (retreating).
  8385 | Lair:1   | 8385 ||| Stepping ~*~*~tactically~*~*~ (retreating).
  8388 | Lair:1   | 8388 ||| Stepping ~*~*~tactically~*~*~ (retreating).
  8389 | Lair:1   | 8389 ||| Stepping ~*~*~tactically~*~*~ (retreating).
  8390 | Lair:1   | 8390 ||| Stepping ~*~*~tactically~*~*~ (retreating).
  8429 | Lair:1   | 8429 ||| RETREATING.
  8433 | Lair:1   | 8433 ||| INVOKING Heroism.
  8436 | Lair:1   | 8436 ||| Stepping ~*~*~tactically~*~*~ (retreating).
  8437 | Lair:1   | 8437 ||| Stepping ~*~*~tactically~*~*~ (retreating).
  8438 | Lair:1   | 8438 ||| Stepping ~*~*~tactically~*~*~ (retreating).
  8440 | Lair:1   | 8440 ||| Stepping ~*~*~tactically~*~*~ (retreating).
  8447 | Lair:1   | Reached ***** piety under Okawaru
  8455 | Lair:1   | Reached skill level 15 in Ranged Weapons
  8675 | Lair:1   | Noticed a five-headed hydra
  8676 | Lair:1   | 8676 ||| INVOKING Heroism.
  8681 | Lair:1   | Killed a five-headed hydra
  9031 | Lair:1   | 9031 ||| DRINKING 2 dark potions.
  9032 | Lair:1   | 9032 ||| DRINKING 4 potions of curing.
  9032 | Lair:1   | 9032 ||| (to cure confusion)
  9033 | Lair:1   | 9033 ||| DROPPING potion of ambrosia.
  9052 | Lair:2   | Noticed a seven-headed hydra
  9053 | Lair:2   | 9053 ||| INVOKING Heroism.
  9055 | Lair:2   | 9055 ||| STAIRDANCE
  9064 | Lair:1   | Killed a seven-headed hydra
  9189 | Lair:2   | 9189 ||| Stepping ~*~*~tactically~*~*~ (outnumbered).
  9191 | Lair:2   | 9191 ||| Stepping ~*~*~tactically~*~*~ (outnumbered).
  9195 | Lair:2   | Found a staircase to the Snake Pit.
  9260 | Lair:2   | 9260 ||| RETREATING.
  9262 | Lair:2   | 9262 ||| Stepping ~*~*~tactically~*~*~ (retreating).
  9266 | Lair:2   | 9266 ||| FLEEEEING.
  9267 | Lair:2   | 9267 ||| RETREATING.
  9280 | Lair:2   | Noticed a boulder beetle
  9281 | Lair:2   | 9281 ||| INVOKING Heroism.
  9282 | Lair:2   | 9282 ||| INVOKING Finesse.
  9306 | Lair:2   | Killed a boulder beetle
  9361 | Lair:2   | Identified the +0 helmet "Jinnik" {+Blink rElec Str-4
                  | Slay+5} (Okawaru gifted it to you on level 2 of the Lair of
                  | Beasts)
  9361 | Lair:2   | Received a gift from Okawaru
  9362 | Lair:2   | Reached skill level 9 in Invocations
  9437 | Lair:2   | 9437 ||| INVOKING Heroism.
  9507 | Lair:2   | 9507 ||| INVOKING Heroism.
  9529 | Lair:2   | Identified the +9 flail "Udillabb" {elec, rPois MP+9 Int-5
                  | Dex-4}
  9541 | Lair:2   | Found a staircase to the Swamp.
  9553 | Lair:2   | 9553 ||| INVOKING Heroism.
  9928 | Lair:2   | 9928 ||| READING scroll of enchant armour.
  9928 | Lair:2   | 9928 ||| ENCHANTING +1 pair of gloves.
 10093 | Lair:2   | 10093 ||| UPGRADING to +0 helmet "Jinnik" {+Blink rElec
                  | Str-4 Slay+5}.
 10103 | Lair:2   | 10103 ||| DROPPING +0 helmet.
 10104 | Lair:2   | 10104 ||| DRINKING 2 golden potions.
 10104 | Lair:2   | Gained mutation: You sometimes lose your temper in combat.
                  | [potion of mutation]
 10104 | Lair:2   | Gained mutation: You are frail. (-10% HP) [potion of
                  | mutation]
 10104 | Lair:2   | Gained mutation: You have a pair of small horns on your
                  | head. [potion of mutation]
 10105 | Lair:2   | 10105 ||| DROPPING +0 helmet "Jinnik" {+Blink rElec Str-4
                  | Slay+5}.
 10106 | Lair:2   | 10106 ||| DRINKING potion of mutation.
 10106 | Lair:2   | Lost mutation: You sometimes lose your temper in combat.
                  | [potion of mutation]
 10106 | Lair:2   | Lost mutation: You have a pair of small horns on your head.
                  | [potion of mutation]
 10106 | Lair:2   | Lost mutation: You are frail. (-10% HP) [potion of
                  | mutation]
 10106 | Lair:2   | Gained mutation: Your movements are slightly less
                  | encumbered by armour. (ER -2) [potion of mutation]
 10106 | Lair:2   | Gained mutation: You are occasionally teleported next to
                  | monsters. [potion of mutation]
 10106 | Lair:2   | Gained mutation: Your muscles are strong. (Str +4, Int/Dex
                  | -1) [potion of mutation]
 10134 | Lair:3   | 10134 ||| RETREATING.
 10135 | Lair:3   | 10135 ||| Stepping ~*~*~tactically~*~*~ (retreating).
 10136 | Lair:3   | 10136 ||| INVOKING Heroism.
 10142 | Lair:3   | 10142 ||| Stepping ~*~*~tactically~*~*~ (retreating).
 10143 | Lair:3   | 10143 ||| Stepping ~*~*~tactically~*~*~ (retreating).
 10151 | Lair:3   | 10151 ||| Stepping ~*~*~tactically~*~*~ (retreating).
 10192 | Lair:3   | 10192 ||| RETREATING.
 10203 | Lair:3   | 10203 ||| Stepping ~*~*~tactically~*~*~ (retreating).
 10223 | Lair:3   | Reached skill level 16 in Ranged Weapons
 10225 | Lair:3   | Reached XP level 13. HP: 80/82 MP: 20/20
 10239 | Lair:3   | 10239 ||| READING scroll of enchant armour.
 10239 | Lair:3   | 10239 ||| ENCHANTING +1 pair of boots.
 10249 | Lair:3   | 10249 ||| INVOKING Heroism.
 10301 | Lair:3   | 10301 ||| INVOKING Heroism.
 10537 | Lair:3   | 10537 ||| RETREATING.
 10888 | Lair:3   | 10888 ||| READING 2 scrolls of identify.
 10888 | Lair:3   | 10888 ||| IDENTIFYING yellow potion
 10903 | Lair:4   | 10903 ||| STAIRDANCE
 10911 | Lair:4   | 10911 ||| STAIRDANCE
 10920 | Lair:4   | 10920 ||| STAIRDANCE
 10940 | Lair:4   | 10940 ||| STAIRDANCE
 10970 | Lair:4   | Identified the ring of Pust {Int+6 Dex+4}
 10974 | Lair:4   | 10974 ||| RETREATING.
 11154 | Lair:4   | 11154 ||| INVOKING Heroism.
 11252 | Lair:4   | Noticed Rupert
 11253 | Lair:4   | 11253 ||| INVOKING Heroism.
 11258 | Lair:4   | HP: 17/84 [Rupert/+2 battleaxe of electrocution (33)]
 11259 | Lair:4   | 11259 ||| READING 3 scrolls of teleportation.
 11259 | Lair:4   | Mangled by Rupert

Levels and vault maps discovered:
D:1:      doesnt_arrival_eight_statues, layout_rooms,
          hellmonk_ecumenical_altar_arch_garden, moated_statue,
          minmay_pentomino_p2
D:2:      layout_basic, uniq_sigmund
D:3:      layout_basic, nicolae_overflow_hidden_temple, lemuel_tele_altar,
          kennysheep_slug_shrine, chequers_decorated_corner,
          uniq_crazy_yiuf_cottage, uniq_jessica
D:4:      kennysheep_big_flooded_room, layout_cave_pools,
          mainiacjoe_overflow_small_starburst, zin_angel
D:5:      layout_gridville
D:6:      layout_gridville, dreamdust_princess_corridor, grunt_decor_arrowhead,
          minmay_misc_feat_nine_boxes, nicolae_figureground_sparkle,
          uniq_blork_the_orc
D:7:      layout_gridville, nzn_overflow_gifts_of_might_and_magic,
          minmay_temple_entry_butterflies, serial_undead, serial_undead_b,
          serial_undead_f, serial_undead_d, serial_undead_f, serial_undead_e,
          hellmonk_guarded_unrand_zhor
D:8:      layout_loops_cross
D:9:      layout_long_grid, orc_0_dummy, serial_shops, kennysheep_mini,
          serial_bayou_pond_e, minmay_hollow_rounded_squares
D:10:     layout_basic, minmay_lair_entry_grove, moated_statue,
          minmay_misc_feat_five, kennysheep_generic_room_15
Temple:   hellmonk_temple_of_storms
Lair:1:   layout_roguey, serial_bayou_pond_c, grunt_forest_small_clearings,
          wad_woods_03, uniq_urug
Lair:2:   layout_cave_pods, minmay_swamp_entry_swarm,
          nicolae_snake_entry_squirm, lemuel_fruit_fields,
          infiniplex_staircase_pool_2
Lair:3:   layout_loops_ring, minmay_holes
Lair:4:   layout_regular_city, minmay_slime_entry_pillars, grunt_megastairs_4,
          lemuel_fruit_tree, uniq_sonja, uniq_rupert

Skill      XL: |  1  2  3  4  5  6  7  8  9 10 11 12 13 |
---------------+----------------------------------------+-----
Ranged Weapons | 5 6 7 8 10 11 13 14 16 | 16.9
Fighting       | 3 4 6 8 9 10 11 | 11.0
Armour         | 2 3 4 |  4.2
Dodging        | 2 3 4 5 |  5.0
Invocations    | 2 4 6 10 | 10.0
Stealth        | |  1.1

Action                     |  1- 3 |  4- 6 |  7- 9 | 10-12 | 13-15 || total
---------------------------+-------+-------+-------+-------+-------++-------
   Fire: Shortbow          |    84 |   195 |   399 |       |       ||   678
         Orcbow            |       |       |   152 |   464 |       ||   616
         Arbalest          |       |       |       |   451 |   193 ||   644
 Invoke: Heroism           |       |       |     4 |    23 |     4 ||    31
         Finesse           |       |       |       |     1 |       ||     1
    Use: Scroll            |     2 |     4 |     6 |     9 |     3 ||    24
         Potion            |     1 |     2 |     3 |     4 |       ||    10
 Armour: Leather armour    |    12 |    41 |    65 |     7 |       ||   125
         Robe              |       |    62 |   176 |       |       ||   238
         Animal skin       |       |       |       |   315 |    55 ||   370
  Dodge: Dodged            |    15 |   103 |   215 |   394 |    52 ||   779

Table legend:
 A = Non-vault XP
 B = Vault XP
 C = Vault XP percentage of total XP
 D = Non-vault monster count
 E = Vault monster count
 F = Vault count percentage of total count
                 A         B        C        D         E       F
            +---------+---------+-------+---------+---------+-------
      Total |   29394 |   11766 |  28.6 |     297 |      67 |  18.4
            +---------+---------+-------+---------+---------+-------
        D:1 |      40 |       3 |   7.0 |      21 |       2 |   8.7
        D:2 |     103 |     226 |  68.7 |      26 |       1 |   3.7
        D:3 |     186 |      41 |  18.1 |      20 |       2 |   9.1
        D:4 |     344 |       6 |   1.7 |      23 |       2 |   8.0
        D:5 |     652 |       0 |   0.0 |      26 |       0 |   0.0
        D:6 |    1036 |      94 |   8.3 |      15 |       1 |   6.2
        D:7 |     741 |    1826 |  71.1 |      11 |      15 |  57.7
        D:8 |    2517 |       0 |   0.0 |      33 |       0 |   0.0
        D:9 |    2856 |    3040 |  51.6 |      33 |      12 |  26.7
       D:10 |    2084 |    2334 |  52.8 |      14 |      13 |  48.1
     Lair:1 |    4254 |     780 |  15.5 |      17 |       1 |   5.6
     Lair:2 |    4728 |    1717 |  26.6 |      17 |      10 |  37.0
     Lair:3 |    6979 |     855 |  10.9 |      29 |       3 |   9.4
     Lair:4 |    2874 |     844 |  22.7 |      12 |       5 |  29.4
            +---------+---------+-------+---------+---------+-------
